 Dungeon Crawl Stone Soup version 0.18.1-48-g4cf74bf (webtiles) character file.

203 Lennu the Chiller (level 5, -3/37 HPs)
             Began as a Merfolk Ice Elementalist on June 29, 2016.
             Slain by an orc
             ... wielding a +4 mace
              (4 damage)
             ... on level 3 of the Dungeon.
             The game lasted 00:14:38 (3214 turns).

Lennu the Chiller (Merfolk Ice Elementalist)        Turns: 3214, Time: 00:14:38

Health: -3/37      AC:  5    Str:  9    XL:     5   Next: 81%
Magic:  8/8        EV: 13    Int: 14    God:
Gold:   141        SH:  0    Dex: 15    Spells: 2 memorised, 4 levels left

rFire  . . .     SeeInvis .     o - +0 halberd
rCold  . . .     Gourm    .     q - +0 leather armour
rNeg   . . .     Faith    .     (shield currently unavailable)
rPois  .         Spirit   .     l - +0 helmet
rElec  .         Dismiss  .     (no cloak)
rCorr  .         Reflect  .     m - +0 pair of gloves
SustAt .         Harm     .     (no boots)
MR     .....                    f - amulet of rage
Stlth  ++........               (no ring)
                                (no ring)

@: not resistant to hostile enchantments, unstealthy
A: change form in water, swift swim
a: Evoke Berserk Rage


You were on level 3 of the Dungeon.
You were not hungry.

You visited 1 branch of the dungeon, and saw 3 of its levels.

You collected 141 gold pieces.

Inventory:

Hand Weapons
 o - a +0 halberd (weapon)
Armour
 l - a +0 helmet (worn)
 m - a +0 pair of gloves (worn)
 q - a +0 leather armour (worn)
Jewellery
 f - an amulet of rage (around neck)
Scrolls
 a - 2 scrolls of identify {unknown}
 d - a scroll of magic mapping {unknown}
 g - a scroll of fear {unknown}
 i - 2 scrolls of recharging {unknown}
 j - 2 scrolls of teleportation {unknown}
 k - 2 scrolls of remove curse {unknown}
 n - 2 scrolls of amnesia {unknown}
 r - a scroll of blinking {unknown}
Potions
 e - a potion of heal wounds {unknown}
 h - 4 potions of curing {unknown}
 p - a potion of haste {unknown}
Books
 b - a book of Frost

   Spells                             Type                      Level
   a - Freeze                         Ice                          1
   b - Throw Frost                    Conjuration/Ice              2
   c - Ozocubu's Armour               Charms/Ice                   3
   d - Throw Icicle                   Conjuration/Ice              4
   e - Summon Ice Beast               Ice/Summoning                4
Comestibles
 c - 2 bread rations
 s - a beef jerky
 t - a royal jelly
 u - a meat ration
 v - a slice of pizza
 w - 3 chunks of flesh


   Skills:
 * Level 1.0 Fighting
   Level 0.2 Short Blades
 + Level 1.5 Polearms
 * Level 1.1 Armour
 * Level 4.2 Dodging
 - Level 2.2 Stealth
 + Level 2.3 Spellcasting
   Level 0.7 Conjurations
 * Level 1.5 Charms
 * Level 4.7 Ice Magic


You had 4 spell levels left.
You knew the following spells:

 Your Spells              Type           Power        Failure   Level  Hunger
a - Freeze                Ice            ###.         6%          1    #......
b - Ozocubu's Armour      Chrm/Ice       ##......     28%         3    ###....


Dungeon Overview and Level Annotations

Branches:
Dungeon (3/15)

Altars:
Cheibriados
Makhleb


Message History

Aim: an orc priest, wearing a leather armour You reach to attack!
You slash the orc priest!
The orc priest is heavily wounded.
The orc hits you with an enchanted mace!
* * * LOW HITPOINT WARNING * * *
The orc priest closely misses you. The orc barely misses you.
You slash the orc priest!
The orc priest is almost dead.
The orc priest closely misses you.
The orc hits you with an enchanted mace!
* * * LOW HITPOINT WARNING * * *
You barely miss the orc priest.
The orc priest is almost dead.
The orc priest hits you.
* * * LOW HITPOINT WARNING * * *
The orc closely misses you. The orc priest barely misses you.
You barely miss the orc priest.
The orc priest is almost dead.
The orc hits you with an enchanted mace.
You die...

. #................<..#
#.####.######......... ..#
...................># #.#
#.........####.#..#.# #.#
######.##.####<#..#.# #.########
#..(.>...........####.........
#.###....##.#..#........#..###
... #..#.##.#oo#.####.#.##'##
#.##.###....##.#@.#.####)###...##
# #.....#............##.##.....#
#####...#.####.......##.8...8.
##......####.#.###.#.....#
#..###.# #.#..#...8...8. #..# ..#
###..'......... #..# ##
#.##...8...8. #.........
#.###.#.....# ..!##....._ #.#
##.8...8.


You could see an orc priest and an orc.

Vanquished Creatures
  2 hounds (D:3)
  Robin (D:2)
  4 gnolls
  2 adders (D:2)
  2 worms (D:2)
  A dart slug (D:3)
  3 giant geckos
  2 orcs (D:3)
  A ball python (D:2)
  6 bats
  A giant cockroach (D:1)
  13 goblins
  9 hobgoblins
  2 jackals (D:2)
  4 giant newts
  6 kobolds
  7 rats
66 creatures vanquished.

Notes
Turn   | Place    | Note
--------------------------------------------------------------
     0 | D:1      | Lennu the Merfolk Ice Elementalist began the quest for the Orb.
     0 | D:1      | Reached XP level 1. HP: 13/13 MP: 3/3
   115 | D:1      | Reached XP level 2. HP: 19/19 MP: 3/5
   548 | D:1      | Reached XP level 3. HP: 16/24 MP: 0/6
   649 | D:1      | Learned a level 3 spell: Ozocubu's Armour
  1308 | D:2      | Reached XP level 4. HP: 27/30 MP: 3/7
  1430 | D:2      | Noticed Robin
  1435 | D:2      | Killed Robin
  1947 | D:2      | Found a snail-covered altar of Cheibriados.
  2808 | D:3      | Reached skill level 1 in Charms
  2808 | D:3      | Reached XP level 5. HP: 26/36 MP: 2/8
  3058 | D:3      | Found a burning altar of Makhleb.
  3088 | D:3      | Reached skill level 1 in Fighting
  3088 | D:3      | Reached skill level 1 in Polearms
  3093 | D:3      | Reached skill level 1 in Armour
  3213 | D:3      | HP: 1/37 [orc priest (2)]
  3214 | D:3      | Slain by an orc

Skill      XL: |  1  2  3  4  5 |
---------------+----------------+-----
Dodging        | 3 4 |  4.2
Ice Magic      | 4 |  4.7
Charms         | 1 |  1.5
Fighting       | 1 |  1.0
Polearms       | 1 |  1.5
Armour         | 1 |  1.1
Short Blades   | |  0.2
Stealth        | |  2.2
Spellcasting   | |  2.3
Conjurations   | |  0.7

Action                   |  1- 3 |  4- 6 || total
-------------------------+-------+-------++-------
Melee: Short sword       |    24 |       ||    24
       Halberd           |    39 |   152 ||   191
 Cast: Freeze            |    22 |     6 ||    28
       Ozocubu's Armour  |     2 |     4 ||     6
 Stab: Sleeping          |     4 |       ||     4
  Eat: Chunk             |     2 |     3 ||     5
       Bread ration      |       |     1 ||     1
Armor: Robe              |    11 |       ||    11
       Leather armour    |    10 |    46 ||    56
Dodge: Dodged            |    65 |   148 ||   213
